 Dungeon Crawl Stone Soup version 0.27.1-33-g824d729ab1 (webtiles) character file.

Game seed: 18218844993505021130

7788 ces the Covert (level 11, -12/53 HPs)
             Began as a Spriggan Hunter on Nov 30, 2021.
             Mangled by a boulder beetle (45 damage)
             ... on level 11 of the Dungeon.
             The game lasted 00:20:32 (12351 turns).

ces the Covert (Spriggan Hunter)                   Turns: 12351, Time: 00:20:33

Health: -12/53     AC:  7    Str: 10    XL:     11   Next: 1%
Magic:  0/17       EV: 21    Int: 13    God:
Gold:   430        SH:  0    Dex: 17    Spells: 14/16 levels left

rFire    + . .     SeeInvis +   b - +8 lance "Wyrmbane" {slay drac, rPois rF+ rC+ AC+3}
rCold    + . .     Faith    .   (shield restricted)
rNeg     + . .     Spirit   +   c - +2 robe
rPois    +         Reflect  .   (helmet restricted)
rElec    .         Harm     .   (no cloak)
rCorr    .         Rampage  .   (gloves unavailable)
Will     +....                  (boots unavailable)
Stlth    ++++++....             e - amulet of guardian spirit
HPRegen  0.17/turn              i - ring of positive energy
MPRegen  0.15/turn              (no ring)

@: very quick
A: very small, no large weapons, unfitting armour, see invisible, speed 3
a: no special abilities


You were on level 11 of the Dungeon.
You visited 1 branch of the dungeon, and saw 11 of its levels.

You collected 500 gold pieces.
You spent 70 gold pieces at shops.

Inventory:

Hand Weapons
 a - a +2 hand crossbow
 b - the +8 lance "Wyrmbane" (weapon) {slay drac, rPois rF+ rC+ AC+3}
   (You found it on level 5 of the Dungeon)

   It inflicts extra damage against dragons and draconians.
   AC:        It affects your AC (+3).
   rF:        It protects you from fire.
   rC:        It protects you from cold.
   rPois:     It protects you from poison.
 t - a +2 dagger of speed
Missiles
 d - 49 bolts
 f - 2 throwing nets (quivered)
Armour
 c - a +2 robe (worn)
Jewellery
 e - an amulet of guardian spirit (around neck)
 i - a ring of positive energy (left hand)
 w - a ring of fire
 A - a ring of wizardry
 C - a ring of magical power
Wands
 k - a wand of flame (18)
 B - a wand of iceblast (11)
 D - a wand of acid (2)
Scrolls
 j - 3 scrolls of enchant armour
 l - 4 scrolls of magic mapping
 o - a scroll of teleportation
 p - a scroll of holy word
 q - a scroll of vulnerability {unknown}
 s - 2 scrolls of immolation {unknown}
 u - a scroll of noise {unknown}
 v - a scroll of summoning {unknown}
 x - 3 scrolls of blinking {unknown}
 y - a scroll of amnesia {unknown}
 z - 8 scrolls of identify
 G - a scroll of fog {unknown}
 H - a scroll of acquirement {unknown}
Potions
 g - a potion of magic
 h - a potion of lignification
 m - a potion of cancellation
 n - a potion of might {unknown}
 r - 3 potions of haste
 E - a potion of berserk rage {unknown}
 F - a potion of heal wounds


   Skills:
 + Level 4.1 Fighting
 + Level 4.9 Short Blades
 - Level 5.7 Polearms
 + Level 8.0 Crossbows
 + Level 6.6 Dodging
 * Level 14.3 Stealth
 + Level 3.3 Spellcasting
 + Level 3.2 Hexes
 + Level 4.0 Translocations


You had 14 spell levels left.
You knew the following spells:

 Your Spells              Type           Power      Damage    Failure   Level
a - Corona                Hex            11%        N/A       6%          1
b - Apportation           Tloc           24%        N/A       4%          1

Your spell library contained the following spells:

 Spells                   Type           Power      Damage    Failure   Level
 Animate Skeleton         Necr           4%         N/A       22%         1
 Magic Dart               Conj           8%         1d3       22%         1
 Summon Small Mammal      Summ           8%         N/A       22%         1
 Call Imp                 Summ           2%         N/A       32%         2
 Static Discharge         Conj/Air       2%         N/A       32%         2
 Mephitic Cloud           Conj/Pois/Air  2%         N/A       54%         3
 Hailstorm                Conj/Ice       2%         3d3       91%         4
 Ice Form                 Ice/Tmut       2%         N/A       91%         4
 Lightning Bolt           Conj/Air       1%         1d12      99%         5
 Simulacrum               Ice/Necr       1%         N/A       100%        6
 Maxwell's Capacitive Co  Air            1%         ∞         100%        8


Dungeon Overview and Level Annotations

Branches:
Dungeon (12/15)               Orc (0/2) D:11
 Temple: D:4-7         Lair: D:8-11

Altars:
Dithmenos
Ru
The Shining One

Shops:
D:10 *   D:11 !

Annotations:
D:9 Harold


Innate Abilities, Weirdness & Mutations

You are very small and have problems with some larger weapons.
You are too small for most types of armour.
You have supernaturally acute eyesight. (SInv)
You cover ground extremely quickly. (Speed+++)


Message History

You puncture the boulder beetle!
The boulder beetle is moderately wounded.
The boulder beetle closely misses you.
You puncture the boulder beetle!
The boulder beetle is heavily wounded.
The boulder beetle waves its antennae.
The boulder beetle bites you!!
You hit the boulder beetle but do no damage.
The boulder beetle is heavily wounded.
The boulder beetle misses you.
You hit the boulder beetle but do no damage.
The boulder beetle is heavily wounded.
The boulder beetle leaps!
The boulder beetle curls into a ball and begins rolling!
The boulder beetle misses you.
The boulder beetle stops rolling and uncurls.
The boulder beetle curls into a ball and begins rolling!
The boulder beetle closely misses you.
The boulder beetle stops rolling and uncurls.
You hit the boulder beetle but do no damage.
The boulder beetle is moderately wounded.
The boulder beetle closely misses you.
You puncture the boulder beetle!
The boulder beetle is heavily wounded.
The boulder beetle bites you!
You hit the boulder beetle but do no damage.
The boulder beetle is heavily wounded.
The boulder beetle leaps!
The boulder beetle curls into a ball and begins rolling!
The boulder beetle misses you.
The boulder beetle stops rolling and uncurls.
The boulder beetle curls into a ball and begins rolling!
You reach to attack!
You hit the boulder beetle but do no damage.
The boulder beetle is heavily wounded.
You hit the boulder beetle but do no damage.
The boulder beetle is heavily wounded.
The boulder beetle hits you!!!
Ouch! That really hurt!
You die...

############># #.#
#.........#..#######.#
#.........'..........#
+.........##########.......
#.....##############.######
#.....#.....).....##.#
#....>##.........###.#
#.....#...........##.#
####'###..@B.....###(#
#.##.....°....:#..#
#.###.........##
###.##...........#
#....##.........##
###.####...........#
#....8#######'######
#.........# #.# .
####..>...8..# #.####...


You could see a boulder beetle (rolling).

Vanquished Creatures
  An ogre mage (D:11)
  A two-headed ogre (D:10)
  A manticore (D:6)
  An ugly thing (D:11)
  Joseph (D:8)
  Maurice (D:8)
  A troll (D:11)
  14 yaks
  A steam dragon (D:10)
  An acid dragon (D:10)
  3 water moccasins
  A sky beast (D:8)
  2 ice beasts
  2 orc warriors
  An ogre (D:6)
  2 necrophages
  A centaur (D:9)
  2 phantoms (D:5)
  3 bullfrogs
  A gnoll sergeant (D:6)
  2 scorpions
  A wight (D:8)
  2 killer bees
  A crimson imp (D:3)
  2 jellies (D:5)
  A centaur zombie (D:8)
  A gnoll shaman (D:8)
  2 orc priests (D:8)
  A centaur skeleton (D:6)
  An iguana (D:5)
  4 orc wizards
  2 howler monkey zombies
  A howler monkey skeleton (D:6)
  17 gnolls
  11 adders
  A white imp (D:6)
  2 worms (D:2)
  4 dart slugs
  33 orcs
  7 ball pythons
  5 bats
  3 endoplasms
  4 giant cockroaches
  8 goblins
  8 hobgoblins
  3 jackals (D:1)
  3 quokkas
  5 frilled lizards
  A goblin skeleton (D:3)
  5 kobolds
  A kobold skeleton (D:3)
  2 kobold zombies (D:3)
  An orc skeleton (D:3)
  2 orc zombies (D:3)
  7 rats
195 creatures vanquished.

Notes
Turn   | Place    | Note
-------+----------+-------------------------------------------
     0 | D:1      | ces the Spriggan Hunter began the quest for the Orb.
     0 | D:1      | Reached XP level 1. HP: 10/10 MP: 2/2
    68 | D:1      | Reached skill level 2 in Stealth
   505 | D:1      | Reached skill level 3 in Stealth
   505 | D:1      | Reached XP level 2. HP: 6/14 MP: 3/3
  1797 | D:1      | Reached skill level 4 in Stealth
  1838 | D:1      | Reached XP level 3. HP: 18/18 MP: 4/4
  2277 | D:2      | Reached skill level 5 in Stealth
  2677 | D:3      | Found a shadowy altar of Dithmenos.
  2702 | D:3      | Reached XP level 4. HP: 18/22 MP: 5/5
  2941 | D:3      | Found a glowing golden altar of the Shining One.
  2953 | D:3      | Reached skill level 6 in Stealth
  3085 | D:3      | Reached XP level 5. HP: 25/25 MP: 6/6
  3416 | D:3      | Reached skill level 5 in Crossbows
  3416 | D:3      | Reached skill level 7 in Stealth
  3626 | D:3      | Reached XP level 6. HP: 30/30 MP: 7/7
  3631 | D:3      | Reached skill level 8 in Stealth
  4677 | D:5      | Entered Level 5 of the Dungeon
  4687 | D:5      | Reached skill level 9 in Stealth
  4737 | D:5      | Noticed a water moccasin
  4744 | D:5      | Killed a water moccasin
  4745 | D:5      | Reached XP level 7. HP: 19/33 MP: 5/8
  4930 | D:5      | Found the +8 lance "Wyrmbane" {slay drac, rPois rF+ rC+
                  | AC+3}
  4958 | D:5      | Reached skill level 10 in Stealth
  5557 | D:5      | Reached skill level 1 in Polearms
  5960 | D:6      | Reached XP level 8. HP: 19/37 MP: 4/9
  6161 | D:6      | Noticed a manticore
  6173 | D:6      | Killed a manticore
  6571 | D:6      | Reached skill level 5 in Polearms
  6892 | D:6      | Reached skill level 11 in Stealth
  7205 | D:6      | Reached XP level 9. HP: 42/42 MP: 10/10
  7245 | D:6      | Reached skill level 1 in Short Blades
  7277 | D:6      | You fall into a shaft and drop 3 floors!
  7768 | D:9      | Learned a level 1 spell: Corona
  7796 | D:9      | Noticed Harold
  8364 | D:8      | Noticed Maurice
  8373 | D:8      | Killed Maurice
  8523 | D:8      | Reached skill level 12 in Stealth
  8912 | D:8      | Found a sacrificial altar of Ru.
  9088 | D:8      | Reached skill level 5 in Dodging
  9647 | D:8      | Noticed Joseph
  9657 | D:8      | Killed Joseph
  9658 | D:8      | Reached skill level 13 in Stealth
  9825 | D:8      | Reached XP level 10. HP: 49/49 MP: 11/11
  9827 | D:8      | Learned a level 1 spell: Apportation
  9953 | D:8      | Identified the +9 falchion of Biomuxtierph {vorpal, rElec
                  | rF- Int+3}
 10198 | D:10     | Entered Level 10 of the Dungeon
 10476 | D:10     | Reached skill level 1 in Translocations
 10485 | D:10     | Reached skill level 1 in Spellcasting
 10485 | D:10     | Reached skill level 1 in Hexes
 10933 | D:10     | Noticed a two-headed ogre
 10961 | D:10     | Killed a two-headed ogre
 11111 | D:10     | Found Nerim's Serpentskin Sales.
 11302 | D:11     | Found Kinnif's Distillery.
 11653 | D:12     | Noticed a skeletal warrior
 11653 | D:12     | Noticed a deep elf pyromancer
 11678 | D:11     | Noticed a purple ugly thing
 11692 | D:11     | Killed a purple ugly thing
 11693 | D:11     | Reached skill level 14 in Stealth
 11842 | D:11     | Found a staircase to the Orcish Mines.
 12155 | D:11     | Bought a potion of heal wounds for 70 gold pieces
 12177 | D:11     | Noticed an ogre mage
 12188 | D:11     | Killed an ogre mage
 12189 | D:11     | Reached XP level 11. HP: 39/53 MP: 11/17
 12316 | D:11     | Noticed a boulder beetle
 12351 | D:11     | Mangled by a boulder beetle

Illustrated notes

Levels and vault maps discovered:
D:1:      dpeg_arrival_erosion, layout_basic, chequers_serial_rivers_marsh,
          columned_hall_lemuel
D:2:      layout_basic
D:3:      layout_loops_cross, nicolae_dithmenos_shadow_blocks,
          nicolae_tso_besieged_by_evil, st_stairs_14, minivault_14,
          minmay_fractal_squares_gapless_5
D:4:      wander_river, layout_cave_pools
D:5:      layout_basic, roderic_roman_lattice, grunt_decor_fettered
D:6:      layout_basic, cheibrodos_sewer_entry_drain, grunt_ministairs_13
D:8:      layout_loops_ring, mainiacjoe_overflow_alcove_2, st_stairs_3,
          uniq_maurice, uniq_joseph
D:9:      layout_roguey, grunt_decor_cap, minivault_27,
          kennysheep_generic_room_12, uniq_harold
D:10:     layout_irregular_city, kennysheep_okawaru_gauntlet,
          guppyfry_shop_venom
D:11:     layout_roguey, david_lair_shrubbed, orc_0_dummy, serial_shops,
          nicolae_stop_n_shop_1, minmay_librarian
D:12:     kennysheep_big_flooded_room, layout_rooms

Skill      XL: |  1  2  3  4  5  6  7  8  9 10 |
---------------+-------------------------------+-----
Stealth        | 3 4 5 6 7 9 10 11 13 14 | 14.3
Crossbows      | 5 6 7 8 |  8.0
Polearms       | 2 5 |  5.7
Short Blades   | 3 4 |  4.9
Dodging        | 5 6 |  6.6
Fighting       | 3 4 |  4.1
Translocations | 4 |  4.0
Spellcasting   | 3 |  3.3
Hexes          | 3 |  3.2

Action                   |  1- 3 |  4- 6 |  7- 9 | 10-12 || total
-------------------------+-------+-------+-------+-------++-------
Melee: Short sword       |    55 |     4 |       |       ||    59
       Dagger            |       |    70 |     4 |       ||    74
       Lance             |       |       |   252 |   135 ||   387
 Fire: Hand crossbow     |    77 |    84 |    71 |    70 ||   302
Evoke: Wand              |       |       |       |    12 ||    12
  Use: Scroll            |     4 |     4 |     2 |     1 ||    11
       Potion            |       |       |     5 |     1 ||     6
 Stab: Sleeping          |     2 |    12 |    13 |     4 ||    31
       Distracted        |       |       |     1 |       ||     1
Armor: Robe              |    19 |     7 |    30 |    14 ||    70
Dodge: Dodged            |    85 |    71 |   141 |   120 ||   417
